 Dungeon Crawl Stone Soup version 0.32-a0-779-g362cfcae2a (webtiles) character file.

Game seed: 11295973343773938182

1985 Alarak the Fighter (level 9, -2/90 HPs)
             Began as a Mountain Dwarf Fighter on Mar 19, 2024.
             Was an Initiate of Beogh.
             Incinerated by a smoke demon (5 damage)
             ... with a pyre arrow
             ... on level 1 of the Abyss.
             The game lasted 00:18:38 (5720 turns).

Alarak the Fighter (Mountain Dwarf Fighter)         Turns: 5720, Time: 00:18:39

Health: -2/90      AC: 16    Str: 21 (22) XL:     9   Next: 1%
Magic:  0/3        EV:  6    Int: 12 (13) God:    Beogh [......]
Gold:   204        SH:  3    Dex:  7 (8)  Spells: 8/8 levels left

rFire   . . .        B - +5 flail (antimagic)
rCold   + . .        c - +0 buckler
rNeg    . . .        m - +0 chain mail
rPois   .            b - +1 helmet
rElec   .            (no cloak)
rCorr   .            u - +0 pair of gloves
SInv    .            (no boots)
Will    +....        j - amulet of guardian spirit Stlth
                     e - ring of protection from cold
HPRegen 0.35/turn    o - +4 ring of protection
MPRegen 0.08/turn

%: guardian spirit
@: brilliant, on fire, glowing
A: runic magic, artefact enchanting, clever 1, strong-willed 1
a: Renounce Religion


You were on level 1 of the Abyss.
You worshipped Beogh.
Beogh was noncommittal.
You visited 1 branch of the dungeon, and saw 6 of its levels.
You visited the Abyss 1 time.

You collected 204 gold pieces.

Inventory:

Hand Weapons
 a - a +0 war axe
 n - the +6 rapier of Mens Rea {speed, Int+3}
   (You found it on level 3 of the Dungeon)

   Int+3:     It affects your intelligence (+3).
 s - a +3 hand axe
 B - a +5 antimagic flail (weapon)
Missiles
 v - 7 poisoned darts (quivered)
Armour
 b - a +1 helmet (worn)
 c - a +0 buckler (worn)
 m - a +0 chain mail (worn)
 u - a +0 pair of gloves (worn)
Jewellery
 e - a ring of protection from cold (left hand)
 j - an amulet of guardian spirit (around neck)
 o - a +4 ring of protection (right hand)
 p - a ring of wizardry
 A - a ring of protection from cold
Wands
 q - a wand of iceblast (13)
Scrolls
 d - a scroll of acquirement {unknown}
 f - a scroll of silence
 g - 3 scrolls of teleportation
 t - 2 scrolls of identify
 w - a scroll of poison {unknown}
 x - a scroll of enchant weapon {unknown}
 y - a scroll of vulnerability {unknown}
 z - a scroll of amnesia {unknown}
Potions
 i - a potion of lignification
 k - a potion of brilliance


   Skills:
 + Level 11.7 Fighting
 - Level 7.2 Axes
 - Level 3.2 Armour
 - Level 3.2 Shields


You had 8 spell levels left.
You didn't know any spells.
Your spell library was empty.

Dungeon Overview and Level Annotations

Branches:
Dungeon (6/15)             Temple (0/1) D:4

Altars:
Elyvilon
Hepliaklqana
Trog
Yredelemnul

Shops:
D:1 ?   D:5 ?   D:6 [


Innate Abilities, Weirdness & Mutations

Your spellcasting is much less encumbered by armour.
You can use scrolls of enchantment on lesser artefacts.
Your mind is acute. (Int +4, Str/Dex -1)
You are strong-willed. (Will+)


Message History

The smoke demon roars!
Something hits you but does no damage.
You hit something. Something hits you but does no damage.
A rakshasa comes into view. It is wielding a +0 whip.
Something hits you.
You miss something. Something completely misses you. Something hits you.
* * * LOW HITPOINT WARNING * * *
Something hits you but does no damage.
You barely miss something. Something hits you but does no damage.
You hit something. Something hits you!
* * * LOW HITPOINT WARNING * * *
Something hits you but does no damage.
You miss something. Something hits you but does no damage.
Something hits you but does no damage.
You closely miss something. Something hits you but does no damage.
The smoke demon completely misses you.
The smoke demon hits you but does no damage. x2
Something hits you but does no damage. The smoke demon hits you.
* * * LOW HITPOINT WARNING * * *
The smoke demon hits you but does no damage. x2
The smoke demon gestures at you. The ball of steam hits you!!
* * * LOW HITPOINT WARNING * * *
Something hits you but does no damage. x2
Something hits you.
* * * LOW HITPOINT WARNING * * *
Something hits you but does no damage. Something hits you but does no damage.
You block the smoke demon's attack. The smoke demon barely misses you. x2
You miss something. Something hits you but does no damage. Something hits you.
* * * LOW HITPOINT WARNING * * *
The smoke demon gestures at you. The pyre arrow hits you.
You are covered in intense liquid fire!
Something hits you but does no damage.
Okay, then.
You shake off some of the fire as you move.
The liquid fire burns you!
You die...

#3 .#. #. ..
#.#.# ##
#.....#
#####.###
#.##..#.###
#.{#......#
##.3#..##..#
##@.....#...
######## ..#
#


You could see a smoke demon.

Vanquished Creatures
  Pikel (D:5)
  Prince Ribbit (D:6)
  Edmund (D:5)
  A sky beast (D:4)
  An ogre (D:5)
  A phantom (D:4)
  A gnoll sergeant (D:4)
  5 scorpions
  A howler monkey (D:5)
  A hound (D:5)
  A bombardier beetle (D:4)
  2 jellies (D:5)
  A gnoll bouda (D:6)
  2 orc priests
  An iguana (D:5)
  4 orc wizards
  Robin (D:2)
  7 gnolls
  5 adders
  2 shadow imps
  3 dart slugs
  2 ribbon worms
  11 orcs
  9 ball pythons
  7 endoplasms
  2 giant cockroaches
  12 goblins
  14 hobgoblins
  10 jackals
  A quokka (D:4)
  7 bats
  6 frilled lizards
  4 kobolds (D:1)
  5 rats
133 creatures vanquished.

Notes
Turn   | Place    | Note
-------+----------+-------------------------------------------
     0 | D:1      | Alarak the Mountain Dwarf Fighter began the quest for the
                  | Orb.
     0 | D:1      | Reached XP level 1. HP: 19/19 MP: 1/1
    17 | D:1      | Found Mipog's Magic Scroll Boutique.
    87 | D:1      | Reached XP level 2. HP: 26/26 MP: 2/2
   745 | D:1      | Reached XP level 3. HP: 30/31 MP: 3/3
  1135 | D:2      | Noticed Robin
  1232 | D:1      | Reached skill level 5 in Axes
  1423 | D:1      | Reached XP level 4. HP: 35/38 MP: 4/4
  1510 | D:2      | Killed Robin
  1692 | D:2      | Reached XP level 5. HP: 45/45 MP: 5/5
  1772 | D:2      | Found a white marble altar of Elyvilon.
  2637 | D:3      | Identified the +6 rapier of Mens Rea {speed, Int+3}
  3076 | D:4      | Reached skill level 4 in Fighting
  3076 | D:4      | Reached XP level 6. HP: 39/53 MP: 6/6
  3184 | D:4      | Reached skill level 5 in Fighting
  3295 | D:4      | Became a worshipper of Beogh the Shepherd
  3415 | D:4      | Reached skill level 6 in Fighting
  3468 | D:4      | Found a staircase to the Ecumenical Temple.
  3545 | D:4      | Found a hazy altar of Hepliaklqana.
  3545 | D:4      | Found a bloodstained altar of Trog.
  3545 | D:4      | Found a basalt altar of Yredelemnul.
  3785 | D:4      | Noticed a sky beast
  3793 | D:4      | Killed a sky beast
  3794 | D:4      | Reached XP level 7. HP: 55/64 MP: 7/7
  4142 | D:5      | Entered Level 5 of the Dungeon
  4163 | D:5      | Noticed Pikel
  4179 | D:5      | Killed Pikel
  4180 | D:5      | Reached skill level 8 in Fighting
  4180 | D:5      | Reached XP level 8. HP: 49/77 MP: 3/8
  4184 | D:5      | Reached skill level 9 in Fighting
  4352 | D:5      | Found Docvuwk's Magic Scroll Emporium.
  4613 | D:5      | Reached skill level 10 in Fighting
  4741 | D:5      | Noticed Edmund
  4763 | D:5      | Killed Edmund
  5137 | D:6      | Found Tuonikk's Antique Armour Emporium.
  5139 | D:6      | Noticed Prince Ribbit
  5158 | D:6      | Reached skill level 11 in Fighting
  5361 | D:6      | Killed Prince Ribbit
  5564 | D:6      | Reached XP level 9. HP: 65/90 MP: 1/9
  5585 | Abyss:1  | Cast into level 1 of the Abyss (gnoll)
  5592 | Abyss:1  | Found a corrupted altar of Lugonu.
  5644 | Abyss:1  | Noticed an ancient zyme
  5690 | Abyss:1  | Gained mutation: Your mind is acute. (Int +4, Str/Dex -1)
                  | [potion of mutation]
  5690 | Abyss:1  | Gained mutation: You are strong-willed. (Will+) [potion of
                  | mutation]
  5704 | Abyss:1  | Noticed a smoke demon
  5705 | Abyss:1  | Noticed a rakshasa
  5716 | Abyss:1  | HP: 3/90 [something (4)]
  5720 | Abyss:1  | Incinerated by a smoke demon

Illustrated notes

Levels and vault maps discovered:
D:1:      nzn_arrival_water_spiral, layout_basic, serial_shops, shop,
          serial_co_window_serial, co_window_paths_b, co_window_paths_a,
          co_window_paths_a, co_window_paths_b, co_window_of_opportunity_a,
          co_window_corner_a, co_window_paths_a, co_window_paths_b,
          co_window_paths_a, co_window_of_opportunity_b, co_window_corner_b,
          co_window_broadway_c, co_window_corner_b, co_window_unsneaky_path_d,
          co_window_corner_b, glass_columns_a, glass_columns_a, glass_columns_a,
          glass_columns_b, minmay_misc_feat_five
D:2:      layout_rooms, basic_altar, minmay_split_cup_large, uniq_robin
D:3:      cheibrodos_old_hovel, layout_loops_cross
D:4:      layout_loops_ring, gammafunk_temple_overflow_forgotten,
          minmay_temple_entry_fiery, grunt_ministairs_5, minmay_small_thing
D:5:      layout_basic, serial_shops, shop, uniq_edmund, uniq_pikel
D:6:      minmay_evil_eye, layout_basic, serial_co_window_serial,
          co_window_paths_a, co_window_paths_a, co_window_paths_a,
          co_window_corner_a, co_window_paths_a, co_window_corner_a,
          co_window_paths_a, co_window_corner_a, co_window_paths_a,
          co_window_cross_4, co_window_corner_ca, co_window_broadway_c,
          co_window_paths_c, co_window_4corner_a, glass_columns_b,
          nicolae_stop_n_shop_1, uniq_prince_ribbit1
Abyss:1:  base:
D:5

Skill      XL: |  1  2  3  4  5  6  7  8 |
---------------+-------------------------+-----
Axes           | 3 4 5 6 7 |  7.2
Fighting       | 4 6 8 11 | 11.7
Armour         | |  3.2
Shields        | |  3.2

Action                     |  1- 3 |  4- 6 |  7- 9 || total
---------------------------+-------+-------+-------++-------
  Melee: War axe           |   134 |    90 |       ||   224
         Rapier            |       |   102 |    84 ||   186
         Hand axe          |       |       |    37 ||    37
         Flail             |       |       |    60 ||    60
  Throw: Stone             |     5 |    26 |     2 ||    33
         Dart              |       |       |    24 ||    24
 Invoke: Convert to Beogh  |       |     1 |       ||     1
    Use: Scroll            |       |     8 |     1 ||     9
         Potion            |       |       |     8 ||     8
 Armour: Scale mail        |   141 |     4 |       ||   145
         Chain mail        |       |   136 |   213 ||   349
  Dodge: Dodged            |    97 |    50 |    49 ||   196
  Block: Buckler           |    38 |    29 |    34 ||   101

Table legend: (Time is in decaauts)
 A = Elapsed time spent in this place.
 B = Non-inter-level travel time spent in this place.
 C = Inter-level travel time spent in this place.
 D = Time resting spent in this place.
 E = Time spent auto-exploring this place.
 F = Levels seen in this place.
 G = Mean time per level.
                   A        B        C        D        E       F      G
               +--------+--------+--------+--------+--------+-----+--------+
         Total |   5789 |   5484 |    305 |    833 |   3439 |   7 |  827.0 |
       Dungeon |   5649 |   5344 |    305 |    833 |   3400 |   6 |  941.5 |
         Abyss |    139 |    139 |      0 |      0 |     39 |   1 |  139.0 |
               +--------+--------+--------+--------+--------+-----+--------+

Top non-repeatable levels by time:
     D:1: 1605 daAuts
     D:4: 1302 daAuts
     D:5: 979 daAuts
     D:3: 672 daAuts
     D:2: 632 daAuts
     D:6: 456 daAuts
 Abyss:1: 139 daAuts
